 Dungeon Crawl Stone Soup version 0.30.0-5-g1a98f26d00 (webtiles) character file.

Game seed: 9217603525142881280

329 Gelion the Magician (level 6, -14/45 HPs)
             Began as a Djinni Earth Elementalist on May 9, 2023.
             Killed from afar by Ijyb (20 damage)
             ... with a bolt of light
             ... on level 4 of the Dungeon.
             The game lasted 00:08:51 (2637 turns).

Gelion the Magician (Djinni Earth Elementalist)     Turns: 2637, Time: 00:08:51

Health: -14/45     AC:  3    Str:  7    XL:     6   Next: 80%
Gold:   134        EV: 13    Int: 19    God:
                   SH:  0    Dex: 13

rFire   + + .        (no weapon)
rCold   x . .        (no shield)
rNeg    . . .        a - +0 robe
rPois   ∞            n - +0 helmet
rElec   .            (no cloak)
rCorr   .            (no gloves)
SInv    .            (boots unavailable)
Will    .....        (no amulet)
Stlth   ++           (no ring)
HPRegen 0.27/turn    (no ring)
MPRegen 0.00/turn

%: infuse magic (-15 HP)
@: flying
A: sickness immunity, fire resistance 2, cold vulnerability 1, float, innate
caster, HP casting, extra vitality 1
a: no special abilities


You were on level 4 of the Dungeon.
You visited 1 branch of the dungeon, and saw 4 of its levels.
You also visited: Sewer.

You collected 134 gold pieces.

Inventory:

Armour
 a - a +0 robe (worn)
 n - a +0 helmet (worn)
Jewellery
 j - a ring of protection from fire
Scrolls
 d - a scroll of blinking
 e - a scroll of noise {unknown}
 i - a scroll of poison
 q - a scroll of enchant weapon {unknown}
 r - 4 scrolls of enchant armour
 s - a scroll of silence {unknown}
 t - a scroll of identify
Potions
 b - a potion of invisibility {unknown}
 c - a potion of might {unknown}
 f - 4 potions of brilliance {unknown}
 g - 2 potions of mutation {unknown}
 h - a potion of curing {unknown}
 k - a potion of attraction {unknown}
 l - 4 potions of haste {unknown}
 m - a potion of flight {unknown}
 o - a potion of lignification {unknown}
 p - 3 potions of heal wounds {unknown}
 u - a potion of cancellation {unknown}


   Skills:
 + Level 2.8 Fighting
 + Level 4.1 Dodging
 - Level 1.5 Stealth
 * Level 4.2 Spellcasting


You knew the following spells:

 Your Spells              Type           Power      Damage    Failure   Level
a - Sandblast             Erth           40%        2d10      2%          1
b - Passwall              Tmut/Erth      16%        N/A       3%          2
c - Stone Arrow           Conj/Erth      40%        3d9       7%          3
d - Petrify               Tmut/Erth      20%        N/A       24%         4
e - Foxfire               Conj/Fire      80%        2x1d8     2%          1
f - Call Imp              Summ           40%        N/A       3%          2
Your spell library was empty.

Dungeon Overview and Level Annotations

Branches:
Dungeon (4/15)              Sewer (visited)
 Temple: D:4-7

Altars:
Dithmenos
Makhleb
Ru

Annotations:
D:4 Ijyb


Innate Abilities, Weirdness & Mutations

You are immune to sickness and miasma.
You are immune to poison.
Your flesh is very heat resistant. (rF++)
You are vulnerable to cold. (rC-)
You float through the air rather than walking.
You learn spells naturally, not from books.
Your magical power is your life essence.
You have superior vitality. (+4 MHP)


Message History

The blast of sand hits Ijyb but does no damage.
Ijyb screams, "You nasty!
Big nasty!"
Ijyb hits you with a +0 club.
Casting: Sandblast (safe; 2% risk of failure)
Confirm with . or Enter, or press ? or * to list all spells.
Aiming: Sandblast (safe; 2% risk of failure)
Press: ? - help, Shift-Dir - straight line, f/p - Ijyb
Aim: Ijyb, wielding a +0 club, wearing a +0 scale mail and carrying a wand of light (3) (81% to hit)
The blast of sand misses Ijyb.
Ijyb misses you. Ijyb hits you with a +0 club.
Casting: Sandblast (safe; 2% risk of failure)
Confirm with . or Enter, or press ? or * to list all spells.
Aiming: Sandblast (safe; 2% risk of failure)
Press: ? - help, Shift-Dir - straight line, f/p - Ijyb
Aim: Ijyb, wielding a +0 club, wearing a +0 scale mail and carrying a wand of light (3) (81% to hit)
The blast of sand hits Ijyb but does no damage.
Ijyb barely misses you.
Casting: Sandblast (safe; 2% risk of failure)
Confirm with . or Enter, or press ? or * to list all spells.
Aiming: Sandblast (safe; 2% risk of failure)
Press: ? - help, Shift-Dir - straight line, f/p - Ijyb
Aim: Ijyb, wielding a +0 club, wearing a +0 scale mail and carrying a wand of light (3) (81% to hit)
The blast of sand hits Ijyb.
Ijyb is moderately wounded.
Ijyb zaps a wand.
The bolt of light hits you!
You are confused.
Ijyb misses you.
You're too confused to cast spells.
You're too confused to cast spells.
You're too confused to cast spells.
You bump into the rock wall.
Ijyb misses you.
You bump into the rock wall.
Ijyb barely misses you.
You bump into the rock wall.
You feel less confused.
Ijyb zaps a wand.
The bolt of light hits you!
You are confused.
* * * LOW HITPOINT WARNING * * *
You bump into the rock wall.
You feel less confused.
Ijyb zaps a wand.
The bolt of light hits you!!
You die...

.# ##...##
#.##.#.# ..
....## #.##.#.#
.. ###..
#.##.#.# ..#
#.. #.##.#.#
#......#
####.### #.
#######.#
#/..###.......#
#...††)g@######
....####.## #
###


You could see Ijyb.

Vanquished Creatures
  3 jellies (Sewer)
  8 adders
  A gnoll (D:1)
  4 river rats (Sewer)
  3 worms
  2 dart slugs (D:3)
  5 orcs (D:3)
  5 ball pythons
  7 endoplasms
  10 giant cockroaches
  3 goblins
  8 hobgoblins
  5 jackals
  7 kobolds
  5 quokkas
  6 bats
  3 frilled lizards
  8 rats
93 creatures vanquished.

Vanquished Creatures (collateral kills)
  A river rat (Sewer)
  An endoplasm (Sewer)
  A frilled lizard (Sewer)
3 creatures vanquished.

Vanquished Creatures (others)
  A jackal (D:4)
1 creature vanquished.

Grand Total: 97 creatures vanquished

Notes
Turn   | Place    | Note
-------+----------+-------------------------------------------
     0 | D:1      | Gelion the Djinni Earth Elementalist began the quest for
                  | the Orb.
     0 | D:1      | Gelion set off with the following spells memorised:
                  | Sandblast, Passwall, Stone Arrow, Petrify.
     0 | D:1      | Reached XP level 1. HP: 15/15 MP: 0/0
    32 | D:1      | Reached XP level 2. HP: 15/22 MP: 0/0
   439 | D:1      | Reached skill level 1 in Fighting
   439 | D:1      | Reached XP level 3. HP: 27/27 MP: 0/0
   439 | D:1      | Learned a level 1 spell: Foxfire
  1002 | D:2      | Reached XP level 4. HP: 32/32 MP: 0/0
  1329 | D:3      | Found a sacrificial altar of Ru.
  1376 | D:3      | Found a glowing drain.
  1389 | D:3      | Reached XP level 5. HP: 26/38 MP: 0/0
  1389 | D:3      | Learned a level 2 spell: Call Imp
  1391 | Sewer    | Entered a sewer
  1768 | Sewer    | Reached XP level 6. HP: 41/43 MP: 0/0
  1791 | Sewer    | Found a viscous altar of Jiyva.
  2163 | D:3      | Found a shadowy altar of Dithmenos.
  2306 | D:3      | Found a burning altar of Makhleb.
  2622 | D:4      | Noticed Ijyb
  2637 | D:4      | Killed from afar by Ijyb

Illustrated notes

Levels and vault maps discovered:
D:1:      dpeg_arrival_shrine, layout_rooms, serial_corexii_hall,
          corexii_hall_statues_t, corexii_hall_statues_x, corexii_hall_statues_i
D:2:      layout_basic, nicolae_titane
D:3:      layout_loops_cross, grunt_dithmenos_smoke, nicolae_ru_awakened_eye,
          mainiacjoe_overflow_brackets, gup_sewer_entry_pipe, st_stairs_3
D:4:      layout_loops_corners, mainiacjoe_overflow_catwalk, serial_shops, shop,
          uniq_ijyb

Skill      XL: |  1  2  3  4  5  6 |
---------------+-------------------+-----
Fighting       | 1 2 |  2.8
Spellcasting   | 3 4 |  4.2
Dodging        | 3 4 |  4.1
Stealth        | |  1.5

Action                     |  1- 3 |  4- 6 || total
---------------------------+-------+-------++-------
  Melee: Unarmed           |     1 |     1 ||     2
   Cast: Sandblast         |    39 |   116 ||   155
         Call Imp          |       |     7 ||     7
    Use: Scroll            |       |     6 ||     6
 Armour: Robe              |     2 |     8 ||    10
  Dodge: Dodged            |    12 |    32 ||    44
